 Dungeon Crawl Stone Soup version 0.28.0-53-g5a82cb258f (webtiles) character file.

Game seed: 4846057386946032533

61 SanguineChosen the Covered (level 4, -4/29 HPs)
             Began as a Gargoyle Fighter on July 21, 2022.
             Killed from afar by a white imp (6 damage)
             ... with a puff of frost
             ... summoned by Natasha
             ... on level 2 of the Dungeon.
             The game lasted 00:02:18 (1495 turns).

SanguineChosen the Covered (Gargoyle Fighter)       Turns: 1495, Time: 00:02:19

Health: -4/29      AC: 10    Str: 22    XL:     4   Next: 7%
Magic:  4/4        EV:  9    Int:  8    God:
Gold:   72         SH:  4    Dex:  9    Spells: 3/3 levels left

rFire   . . .      SeeInvis .   a - +0 flail
rCold   . . .      Faith    .   c - +0 buckler
rNeg    + . .      Spirit   .   b - +0 scale mail
rPois   ∞          Reflect  .   (no helmet)
rElec   +          Harm     .   (no cloak)
rCorr   .          Rampage  .   (no gloves)
Will    .....                   (no boots)
Stlth   ..........              (no amulet)
HPRegen 0.09/turn               (no ring)
MPRegen 0.09/turn               (no ring)

@: brilliant
A: sickness immunity, AC +3, negative energy resistance 1, electricity
resistance, torment resistance 1, petrification resistance
a: no special abilities


You were on level 2 of the Dungeon.
You visited 1 branch of the dungeon, and saw 2 of its levels.

You collected 72 gold pieces.

Inventory:

Hand Weapons
 a - a +0 flail (weapon)
Armour
 b - a +0 scale mail (worn)
 c - a +0 buckler (worn)
Scrolls
 e - a scroll of immolation {unknown}
 f - a scroll of teleportation {unknown}
 h - a scroll of fog {unknown}
 i - a scroll of identify {unknown}
 j - a scroll of summoning {unknown}
Potions
 d - a potion of might


   Skills:
 + Level 3.8 Fighting
 + Level 2.8 Maces & Flails
 + Level 3.9 Armour
 + Level 0.1 Dodging
 + Level 3.8 Shields


You had 3 spell levels left.
You didn't know any spells.
Your spell library contained the following spells:

 Spells                   Type           Power      Damage    Failure   Level
 Slow                     Hex            0%         N/A       82%         1
 Confusing Touch          Hex            0%         N/A       99%         3
 Ignite Poison            Fire/Tmut/Pois 0%         N/A       99%         3
 Mephitic Cloud           Conj/Pois/Air  0%         N/A       99%         3
 Vampiric Draining        Necr           0%         2d6       99%         3
 Passage of Golubria      Tloc           0%         N/A       100%        4
 Freezing Cloud           Conj/Ice/Air   0%         6-21      100%        5
 Silence                  Hex/Air        0%         N/A       100%        5
 Lehudib's Crystal Spear  Conj/Erth      0%         10d2      100%        8


Dungeon Overview and Level Annotations

Branches:
Dungeon (2/15)

Altars:

Annotations:
D:2 Natasha


Innate Abilities, Weirdness & Mutations

You are immune to sickness and miasma.
Your stone body is resilient. (AC +3)
You are immune to poison.
You resist negative energy. (rN+)
You are resistant to electric shocks. (rElec)
You are resistant to unholy torment.
You are immune to petrification.


Message History

Found a robe.
You closely miss the bat. The bat closely misses you.
The bat hits you but does no damage.
You sock Natasha!
Natasha is severely wounded.
The bat barely misses you. You block the bat's attack.
Natasha mumbles some strange words.
You closely miss Natasha.
Natasha is severely wounded.
The bat hits you but does no damage. x2; Natasha barely misses you.
Natasha claws you.
You miss Natasha.
Natasha is severely wounded.
The bat hits you but does no damage. The white imp closely misses you.
Natasha claws you.
You barely miss Natasha.
Natasha is severely wounded.
The bat barely misses you. The bat hits you but does no damage.
The white imp hits you. The white imp freezes you. You block Natasha's attack.
The white imp hits you but does no damage.
You barely miss Natasha.
Natasha is severely wounded.
The bat barely misses you. Natasha claws you. The white imp gestures at you.
The puff of frost misses you. Natasha claws you.
You miss Natasha.
Natasha is severely wounded.
The bat hits you. The white imp gestures at you. The puff of frost misses you.
The puff of frost hits the bat!
The bat dies!
Natasha claws you. Natasha claws you!
* * * LOW HITPOINT WARNING * * *
You see here a bat corpse.
It was a potion of brilliance.
You feel clever all of a sudden. The white imp gestures at you.
The puff of frost hits you.
You die...

#....# #........
#....# #........
#....# #........
#....# #........
#....# ##........
#....#####.........
#..(....##...#.####
#.^.....##...#†##..
##@5....##...#.#...
#.h....##...#.#...
........##...#.#...
.....#.#########.#...
.......#.# #.#...
.(.....#.# #.#...
.......#.# #.#...
.[.....#.# #.#...
#.#.##


You could see Natasha and a white imp (summoned).

Vanquished Creatures
  3 adders (D:2)
  An endoplasm (D:1)
  3 giant cockroaches (D:1)
  2 hobgoblins (D:1)
  10 jackals
  A quokka (D:1)
  3 ball pythons (D:1)
  2 frilled lizards
  4 goblins (D:1)
  A kobold (D:2)
30 creatures vanquished.

Vanquished Creatures (others)
  A bat (D:2)
1 creature vanquished.

Grand Total: 31 creatures vanquished

Notes
Turn   | Place    | Note
-------+----------+-------------------------------------------
     0 | D:1      | SanguineChosen the Gargoyle Fighter began the quest for the
                  | Orb.
     0 | D:1      | Reached XP level 1. HP: 14/14 MP: 1/1
   264 | D:1      | Reached XP level 2. HP: 19/19 MP: 2/2
   871 | D:1      | Found a faded altar of an unknown god.
   894 | D:1      | Reached XP level 3. HP: 23/23 MP: 3/3
  1370 | D:2      | Reached XP level 4. HP: 25/29 MP: 4/4
  1485 | D:2      | Noticed Natasha
  1495 | D:2      | Killed from afar by a white imp

Illustrated notes

Levels and vault maps discovered:
D:1:      nicolae_arrival_washed_ashore, layout_loops_ring,
          ebering_ecumenical_altar_hall
D:2:      layout_basic, uniq_natasha

Action                   |  1- 3 |  4- 6 || total
-------------------------+-------+-------++-------
Melee: Flail             |   103 |    20 ||   123
  Use: Potion            |       |     1 ||     1
Armor: Scale mail        |    69 |    20 ||    89
Dodge: Dodged            |    51 |    11 ||    62
Block: Buckler           |    30 |     6 ||    36
